 Dungeon Crawl Stone Soup version 0.17.1-3-g152610e (webtiles) character file.

537 Kokonut the Basher (level 7, 0/57 HPs)
             Began as a Minotaur Berserker on Mar 5, 2016.
             Was a Priest of Trog.
             Succumbed to Crazy Yiuf's poison
             ... on level 3 of the Dungeon.
             The game lasted 00:08:17 (2525 turns).

Kokonut the Basher (Minotaur Berserker)             Turns: 2525, Time: 00:08:17

Health: 0/57       AC:  2    Str: 22    XL:     7   Next: 5%
Magic:  6/6        EV: 12    Int:  4    God:    Trog [***...]
Gold:   109        SH:  0    Dex: 11    Spells: 0 memorised, 6 levels left

rFire  . . .     SeeInvis .     p - +3 mace
rCold  . . .     Clarity  .     b - +0 animal skin
rNeg   . . .     SustAt   .     (no shield)
rPois  .         Gourm    .     (helmet restricted)
rElec  .         Spirit   .     (no cloak)
rCorr  .         Warding  .     (no gloves)
rMut   .         Stasis   .     (no boots)
MR     ++...                    (no amulet)
Stlth  +.........               (no ring)
                                (no ring)

@: lethally poisoned (0 -> 0), exhausted, regenerating, slowed, very slow, very
resistant to hostile enchantments, very unstealthy
A: retaliatory headbutt, horns 2
a: Berserk, Trog's Hand, Burn Spellbooks, Renounce Religion


You were on level 3 of the Dungeon.
You worshipped Trog.
Trog was most pleased with you.
You were very hungry.

You visited 1 branch of the dungeon, and saw 5 of its levels.

You collected 109 gold pieces.

Inventory:

Hand Weapons
 a - a +0 mace
 p - a +3 mace (weapon)
Missiles
 k - 78 stones (quivered)
Armour
 b - a +0 animal skin (worn)
 j - a +0 plate armour
 n - a +0 shield
Scrolls
 d - a scroll of amnesia {unknown}
 e - 3 scrolls of identify {unknown}
 h - a scroll of random uselessness {unknown}
 i - a scroll of noise {unknown}
 l - a scroll of magic mapping {unknown}
 o - a scroll of remove curse {unknown}
Potions
 f - 2 potions of curing {unknown}
 g - a potion of magic {unknown}
 m - 3 potions of lignification {unknown}
Comestibles
 c - 3 bread rations


   Skills:
 - Level 3.6 Fighting
 + Level 9.6 Maces & Flails
 - Level 2.4 Armour
 - Level 2.1 Dodging


You had 6 spell levels left.
You didn't know any spells.

Dungeon Overview and Level Annotations

Branches:
Dungeon (5/15)
 Temple: D:4-7

Altars:
Ashenzari
Elyvilon
Nemelex Xobeh
Qazlal
Trog
Vehumet


Innate Abilities, Weirdness & Mutations

You reflexively headbutt those who attack you in melee.
You have a pair of horns on your head.


Message History

You feel sick.
You feel your anger subside.
* * * LOW HITPOINT WARNING * * *
You feel sick.
You are no longer berserk.
You are exhausted.
You feel yourself slow down.
You are feeling very hungry.
* * * LOW HITPOINT WARNING * * *
You feel sick.
Your skin crawls.
You feel resistant to hostile enchantments.
You feel slightly more hungry.
* * * LOW HITPOINT WARNING * * *
You feel sick.
* * * LOW HITPOINT WARNING * * *
You feel sick.
* * * LOW HITPOINT WARNING * * *
You feel sick.
You die...

#....# #.# .)# #....# #.#
.{# #....# #.# ..
##....####+###### .#
#.....))........# ♣♣.
#.....##........# ♣.♣
#.....##........# ♣♣.♣
##.######........# ♣.♣♣
........#.......@# ♣♣.♣♣
........#........# ♣...♣♣
........#......).# ♣....♣
........#........# #....#
........########.###....#
######### #........#
#####...## #####


There were no monsters in sight!

Vanquished Creatures
  Sigmund (D:2)
  2 orc wizards (D:3)
  Crazy Yiuf (D:3)
  3 orc priests (D:3)
  Terence (D:2)
  Natasha (D:3)
  A worker ant (D:4)
  Robin (D:2)
  4 adders
  An ooze (D:3)
  4 worms
  2 giant geckos (D:1)
  5 orcs (D:3)
  3 giant cockroaches
  20 goblins
  3 hobgoblins
  A quokka (D:3)
  11 bats
  3 giant newts (D:1)
  7 kobolds
  6 rats
81 creatures vanquished.

Notes
Turn   | Place    | Note
--------------------------------------------------------------
     0 | D:1      | Kokonut the Minotaur Berserker began the quest for the Orb.
     0 | D:1      | Reached XP level 1. HP: 19/19 MP: 0/0
    80 | D:1      | Reached skill level 4 in Maces & Flails
   106 | D:1      | Reached XP level 2. HP: 13/26 MP: 1/1
   229 | D:2      | Noticed Terence
   240 | D:2      | Killed Terence
   240 | D:2      | Reached skill level 5 in Maces & Flails
   240 | D:2      | Reached XP level 3. HP: 31/31 MP: 2/2
   398 | D:1      | Reached ** piety under Trog
  1019 | D:2      | Reached XP level 4. HP: 37/39 MP: 3/3
  1105 | D:2      | Reached skill level 6 in Maces & Flails
  1158 | D:2      | Found a bloodstained altar of Trog.
  1162 | D:2      | Found a stormy altar of Qazlal.
  1180 | D:2      | Noticed Robin
  1196 | D:2      | Noticed Sigmund
  1209 | D:2      | Killed Sigmund
  1209 | D:2      | Reached skill level 8 in Maces & Flails
  1209 | D:2      | Reached XP level 5. HP: 36/45 MP: 4/4
  1719 | D:2      | Found a shattered altar of Ashenzari.
  1719 | D:2      | Found a radiant altar of Vehumet.
  1724 | D:2      | Killed Robin
  1724 | D:2      | Reached XP level 6. HP: 51/51 MP: 5/5
  1736 | D:2      | Found a white marble altar of Elyvilon.
  1832 | D:3      | Found a sparkling altar of Nemelex Xobeh.
  1836 | D:3      | Reached *** piety under Trog
  2108 | D:3      | Noticed Natasha
  2115 | D:3      | Killed Natasha
  2187 | D:5      | Entered Level 5 of the Dungeon
  2238 | D:3      | Reached skill level 9 in Maces & Flails
  2486 | D:3      | Noticed Crazy Yiuf
  2516 | D:3      | Killed Crazy Yiuf
  2516 | D:3      | Reached XP level 7. HP: 7/57 MP: 6/6
  2519 | D:3      | HP: 3/85 [poisoned by Crazy Yiuf]
  2521 | D:3      | HP: 1/57 [poisoned by Crazy Yiuf]
  2525 | D:3      | Succumbed to Crazy Yiuf's poison

Action                   |  1- 3 |  4- 6 |  7- 9 || total
-------------------------+-------+-------+-------++-------
Melee: Mace              |    52 |   109 |       ||   161
Invok: Berserk           |     1 |     4 |       ||     5
       Trog's Hand       |       |     1 |     1 ||     2
 Stab: Sleeping          |     2 |     2 |       ||     4
       Distracted        |       |     1 |       ||     1
  Eat: Chunk             |     1 |     8 |       ||     9
